 Dungeon Crawl Stone Soup version 0.32-a0-791-gfc315c9ecd (webtiles) character file.

Game seed: 12955833905491919617

127 jasper the Ruffian (level 5, -2/66 (69) HPs)
             Began as a Naga Shapeshifter on Mar 20, 2024.
             Slain by Crazy Yiuf
             ... wielding a +4 quarterstaff of chaos
              (4 damage)
             ... while petrified by Crazy Yiuf
             ... on level 2 of the Dungeon.
             The game lasted 00:03:10 (1644 turns).

jasper the Ruffian (Naga Shapeshifter)              Turns: 1644, Time: 00:03:10

HP:   -2/66 (69)    AC: 22    Str: 18    XL:     5   Next: 11%
MP:   5/5           EV:  1    Int: 11    God:
Gold: 67            SH:  0    Dex: 10    Spells: 4/4 levels left

rFire   . .          .
                       - Unarmed
rCold   . . .        (no shield)
rNeg    + + +        f - melded +0 ring mail
rPois   ∞            (helmet currently unavailable)
rElec   .            (cloak currently unavailable)
rCorr   .            (gloves currently unavailable)
SInv    +            (no barding)
Will    .....        (no amulet)
Stlth   ++           i - ring of positive energy
HPRegen 0.31/turn    (no ring)
MPRegen 0.09/turn

%: no passive effects
@: lethally poisoned (-2 -> -2), tree-form, petrified, hasted, lightly drained
A: stationary, stasis, torment immunity, boosted hp, AC +1, large, see
invisible, (deformed body), (poison resistance), (slowness 2), spit poison 1,
(naga tail 1)
a: Spit Poison


You were on level 2 of the Dungeon.
You were a tree.
You visited 1 branch of the dungeon, and saw 2 of its levels.

You collected 67 gold pieces.

Inventory:

Missiles
 l - 25 stones
Armour
 a - a +0 animal skin
 f - a +0 ring mail (melded)
 j - a +0 cloak
Jewellery
 i - a ring of positive energy (left branch)
Talismans
 c - a beast talisman (active)
 d - a flux talisman
 m - a serpent talisman
 n - a blade talisman
Scrolls
 k - 2 scrolls of enchant armour {unknown}
Potions
 e - a potion of resistance
 g - 2 potions of curing {unknown}
 h - 2 potions of ambrosia {unknown}


   Skills:
 + Level 2.6 Fighting
 - Level 1.5 Dodging
 - Level 2.1 Stealth
 * Level 4.7 Unarmed Combat
 - Level 3.0 Shapeshifting


You had 4 spell levels left.
You didn't know any spells.
Your spell library contained the following spells:

 Spells                   Type           Power      Damage    Failure   Level
 Apportation              Tloc           0%         N/A       34%         1
 Magic Dart               Conj           0%         1d3       34%         1
 Necrotise                Necr           0%         1d4       34%         1
 Sting                    Conj/Alch      0%         1d3       34%         1
 Summon Small Mammal      Summ           0%         N/A       34%         1
 Blink                    Tloc           0%         N/A       47%         2
 Call Imp                 Summ           0%         N/A       47%         2
 Vampiric Draining        Necr           0%         2d6       71%         3
 Martyr's Knell           Necr/Summ      0%         N/A       98%         4
 Curse of Agony           Necr           0%         N/A       100%        5


Dungeon Overview and Level Annotations

Branches:
Dungeon (2/15)

Altars:

Annotations:
D:2 Crazy Yiuf


Innate Abilities, Weirdness & Mutations

You are a tree.
Your roots penetrate the ground, keeping you stationary.
You cannot be teleported.
You are immune to unholy pain and torment.
Your maximum health is greatly increased.
Your equipment is partially melded.
((Your serpentine skin is tough. (AC +1)))
You have supernaturally acute eyesight. (SInv)
((Armour fits poorly on your strangely shaped body.))
((Your system is resistant to poisons. (rPois)))
((You cover ground very slowly.))
You can spit poison.
((You have a snake-like lower body.))


Message History

Crazy Yiuf is severely wounded.
You have got your breath back.
You feel very sick.
Crazy Yiuf hits you with a +4 quarterstaff of chaos.
* * * LOW HITPOINT WARNING * * *
You take 3 damage, and have 15/66 hp.
You barely miss Crazy Yiuf.
Crazy Yiuf is severely wounded.
You feel sick. Crazy Yiuf hits you but does no damage.
You are slowing down.
You take 1 damage, and have 14/66 hp.
Unknown command.
Unknown command.
You hit Crazy Yiuf.
Crazy Yiuf is severely wounded.
You feel sick.
Crazy Yiuf hits you with a +4 quarterstaff of chaos!
* * * LOW HITPOINT WARNING * * *
Your limbs are stiffening.
You take 7 damage, and have 7/66 hp.
You closely miss Crazy Yiuf.
Crazy Yiuf is severely wounded.
You feel sick.
Crazy Yiuf says, "Crazy?
Crazy!?
PORCUPINE!"
Crazy Yiuf hits you with a +4 quarterstaff of chaos.
You are lethally poisoned!
You have turned to stone.
Crazy Yiuf hits you with a +4 quarterstaff of chaos!
* * * LOW HITPOINT WARNING * * *
Crazy Yiuf laughs, "Gum toodlewoodle song!"
Crazy Yiuf hits you with a +4 quarterstaff of chaos.
* * * LOW HITPOINT WARNING * * *
You convulse.
Crazy Yiuf cries, "Pitchfork!"
Crazy Yiuf hits you with a +4 quarterstaff of chaos.
* * * LOW HITPOINT WARNING * * *
You feel yourself speed up.
Crazy Yiuf hits you but does no damage. x2
Crazy Yiuf hits you with a +4 quarterstaff of chaos!
You die...

#...............# #
#...............### ##
#.................##
#.
################...##
## #....#### #..#....#
### ####.....#..
#)..### ##....###..##
#...g♣####...)...##..#
#÷..##..#....))#.###..
### ###.#...)##......
#######........
########. ### ######
####. #[#
###.#..####....
##.###...#.......###
#.............####..


You could see Crazy Yiuf.

Vanquished Creatures
  A phantom (D:2)
  An adder (D:2)
  3 ball pythons (D:1)
  6 bats
  8 endoplasms
  A giant cockroach (D:2)
  4 goblins
  7 hobgoblins
  5 kobolds
  A quokka (D:1)
  3 frilled lizards (D:1)
  A rat (D:1)
41 creatures vanquished.

Notes
Turn   | Place    | Note
-------+----------+-------------------------------------------
     0 | D:1      | jasper the Naga Shapeshifter began the quest for the Orb.
     0 | D:1      | Reached XP level 1. HP: 18/18 MP: 1/1
    63 | D:1      | Reached skill level 1 in Stealth
   191 | D:1      | Reached XP level 2. HP: 20/25 MP: 2/2
   413 | D:1      | Reached XP level 3. HP: 26/31 MP: 3/3
  1094 | D:2      | Found a faded altar of an unknown god.
  1306 | D:2      | Reached skill level 4 in Unarmed Combat
  1415 | D:2      | Noticed a phantom
  1429 | D:2      | Killed a phantom
  1430 | D:2      | Reached XP level 4. HP: 29/40 MP: 4/4
  1430 | D:2      | Reached XP level 5. HP: 34/46 MP: 5/5
  1624 | D:2      | Found a runed translucent door.
  1625 | D:2      | Noticed Crazy Yiuf
  1640 | D:2      | HP: 2/66 [Crazy Yiuf/+4 quarterstaff of chaos (2)]
  1644 | D:2      | Slain by Crazy Yiuf

Illustrated notes

Levels and vault maps discovered:
D:1:      shiori_shiawase, layout_basic, serial_glass, glass_columns_c,
          glass_columns_a, glass_columns_a, glass_columns_a, glass_columns_a,
          glass_columns_a
D:2:      layout_rooms, hellmonk_ecumenical_altar_pennies_from_heaven,
          uniq_crazy_yiuf_cottage

Skill      XL: |  1  2  3 |
---------------+----------+-----
Stealth        | 2 |  2.1
Fighting       | 2 |  2.6
Unarmed Combat | 4 |  4.7
Dodging        | |  1.5
Shapeshifting  | |  3.0

Action                     |  1- 3 |  4- 6 || total
---------------------------+-------+-------++-------
  Melee: Unarmed           |    90 |    11 ||   101
         Punch             |     5 |       ||     5
Ability: Spit Poison       |    12 |     2 ||    14
    Use: Scroll            |     2 |       ||     2
         Potion            |       |     1 ||     1
   Stab: Sleeping          |     1 |       ||     1
 Armour: Animal skin       |     7 |       ||     7
         Ring mail         |    66 |     6 ||    72
         Skin              |       |    11 ||    11
  Dodge: Dodged            |    37 |     2 ||    39

Table legend: (Time is in decaauts)
 A = Elapsed time spent in this place.
 B = Non-inter-level travel time spent in this place.
 C = Inter-level travel time spent in this place.
 D = Time resting spent in this place.
 E = Time spent auto-exploring this place.
 F = Levels seen in this place.
 G = Mean time per level.
                   A        B        C        D        E       F      G
               +--------+--------+--------+--------+--------+-----+--------+
         Total |   2096 |   2075 |     21 |    158 |   1474 |   2 | 1048.0 |
       Dungeon |   2096 |   2075 |     21 |    158 |   1474 |   2 | 1048.0 |
               +--------+--------+--------+--------+--------+-----+--------+

Top non-repeatable levels by time:
     D:1: 1351 daAuts
     D:2: 744 daAuts
